 Dungeon Crawl Stone Soup version 0.22-a0-456-g11ed031 (webtiles) character file.

105 Galder the Magician (level 4, 0/24 HPs)
             Began as a Deep Elf Wizard on June 7, 2018.
             Slain by an ice beast (9 damage)
             ... on level 2 of the Dungeon.
             The game lasted 00:22:25 (2358 turns).

Galder the Magician (Deep Elf Wizard)               Turns: 2358, Time: 00:22:26

Health: 0/24       AC:  2    Str:  5    XL:     4   Next: 54%
Magic:  9/13       EV: 13    Int: 23    God:
Gold:   67         SH:  0    Dex: 13    Spells: 8/14 levels left

rFire    . . .     SeeInvis .   j - +2 short sword (venom)
rCold    . . .     Gourm    .   (no shield)
rNeg     . . .     Faith    .   m - +0 robe
rPois    .         Spirit   .   b - +0 hat
rElec    .         Reflect  .   (no cloak)
rCorr    .         Harm     .   (no gloves)
MR       .....                  (no boots)
Stlth    ++........             (no amulet)
HPRegen  0.08/turn              (no ring)
MPRegen  0.13/turn              (no ring)

@: no status effects
A: no striking features
a: no special abilities


You were on level 2 of the Dungeon.
You were not hungry.

You visited 1 branch of the dungeon, and saw 3 of its levels.

You collected 67 gold pieces.

Inventory:

Hand Weapons
 e - a +0 dagger
 j - a +2 short sword of venom (weapon)
 l - a +2 dagger of venom
 p - a +2 dagger of electrocution
Armour
 a - a +0 robe
 b - a +0 hat (worn)
 m - a +0 robe (worn)
Scrolls
 c - 2 scrolls of amnesia {unknown}
 g - a scroll of magic mapping {unknown}
 h - a scroll of remove curse {unknown}
 i - 2 scrolls of identify {unknown}
 k - a scroll of teleportation {unknown}
 o - a scroll of fog {unknown}
Potions
 f - 2 potions of flight {unknown}
 n - a potion of agility {unknown}
 q - 2 potions of brilliance {unknown}
Comestibles
 d - 3 rations


   Skills:
 + Level 3.2 Dodging
 + Level 3.3 Stealth
 * Level 5.9 Spellcasting
 + Level 2.0 Conjurations
   Level 1.1 Summonings
 + Level 1.6 Translocations


You had 8 spell levels left.
You knew the following spells:

 Your Spells              Type           Power        Failure   Level  Hunger
a - Magic Dart            Conj           ###.         3%          1    None
b - Blink                 Tloc           N/A          6%          2    None
c - Mephitic Cloud        Conj/Pois/Air  #.......     21%         3    #......

Your spell library contained the following spells:

 Spells                   Type           Power        Failure   Level  Hunger
 Conjure Flame            Conj/Fire      ##......     17%         3    #......
 Slow                     Hex            #.......     13%         2    None
 Call Imp                 Summ           ##......     9%          2    None


Dungeon Overview and Level Annotations

Branches:
Dungeon (3/15)

Altars:
Dithmenos
Elyvilon
Fedhas
Yredelemnul


Message History

Casting: Magic Dart (safe; 3% risk of failure)
Confirm with . or Enter, or press ? or * to list all spells.
Aiming: Magic Dart (safe; 3% risk of failure)
Press: ? - help, Shift-Dir - straight line, f/p - ice beast
Aim: an ice beast (lightly wounded)
The magic dart hits the ice beast.
The ice beast is lightly wounded.
Casting: Magic Dart (safe; 3% risk of failure)
Confirm with . or Enter, or press ? or * to list all spells.
Aiming: Magic Dart (safe; 3% risk of failure)
Press: ? - help, Shift-Dir - straight line, f/p - ice beast
Aim: an ice beast (lightly wounded)
The magic dart hits the ice beast.
The ice beast is lightly wounded.
The ice beast closely misses you.
You climb upwards.
There is a stone staircase leading down here.
The ice beast hits you. The ice beast freezes you! The ice beast hits you.
The ice beast freezes you!
You die...

...r.##.......##......####...##
.....########...........##....#
........................#.....#
........########...##...#.....#
#...###.####.....#.##...##.†###
≈.).≈≈#...##.#####..#....##†#
.r♣..≈###.##.##.....####...†#
....)..##.##.##.....# ######
♣._.♣...#....##.@...########
.............##..Y..##.....#
..♣..≈######....)>.........#
≈...≈≈# ####.........[..#
#.(.### #....##......# #..##
#..[.##.##.### #..#
###.#..##.##.#
#.###########...#...#.##.#
..###.........##....#.#..#


You could see an ice beast.

Vanquished Creatures
  Terence (D:2)
  3 worms (D:2)
  2 dart slugs
  3 leopard geckos
  A ball python (D:2)
  2 giant cockroaches (D:2)
  5 goblins
  7 hobgoblins
  4 jackals (D:1)
  A quokka (D:2)
  4 bats
  A frilled lizard (D:1)
  7 kobolds
  25 rats
66 creatures vanquished.

Vanquished Creatures (others)
  A goblin (D:2)
1 creature vanquished.

Grand Total: 67 creatures vanquished

Notes
Turn   | Place    | Note
-------+----------+-------------------------------------------
     0 | D:1      | Galder the Deep Elf Wizard began the quest for the Orb.
     0 | D:1      | Reached XP level 1. HP: 10/10 MP: 7/7
   270 | D:1      | Reached skill level 5 in Spellcasting
   313 | D:1      | Reached XP level 2. HP: 15/15 MP: 8/10
   317 | D:1      | Learned a level 2 spell: Blink
  1105 | D:1      | Reached XP level 3. HP: 19/19 MP: 7/11
  1327 | D:2      | Found a shadowy altar of Dithmenos.
  1327 | D:2      | Found a basalt altar of Yredelemnul.
  1347 | D:2      | Found a blossoming altar of Fedhas.
  1363 | D:2      | Noticed Terence
  1732 | D:2      | Found a white marble altar of Elyvilon.
  1821 | D:2      | Killed Terence
  1821 | D:2      | Reached XP level 4. HP: 24/24 MP: 9/13
  1993 | D:2      | Learned a level 3 spell: Mephitic Cloud
  2345 | D:3      | Noticed an ice beast
  2358 | D:2      | Slain by an ice beast

Vault maps used:
D:1:      sevenhm_arrival_forest_fort_large_1, serial_bayou_pond_c
D:2:      fedhas_altar_3, elyvilon_altar_4, grunt_temple_overflow_open,
          minmay_rat_hole, uniq_terence
D:3:      first_ration, kennysheep_big_empty_room, grunt_ministairs_15,
          uniq_grinder

Skill      XL: |  1  2  3  4 |
---------------+-------------+-----
Spellcasting   | 5 |  5.9
Stealth        | 3 |  3.3
Dodging        | 3 |  3.2
Conjurations   | 2 |  2.0
Summonings     | |  1.1
Translocations | |  1.6

Action                   |  1- 3 |  4- 6 || total
-------------------------+-------+-------++-------
Melee: Unarmed           |     7 |       ||     7
       Dagger            |    10 |       ||    10
       Short sword       |     8 |    17 ||    25
 Cast: Magic Dart        |   129 |    26 ||   155
       Mephitic Cloud    |       |     2 ||     2
 Stab: Sleeping          |     1 |       ||     1
  Eat: Chunk             |     2 |     2 ||     4
Armor: Robe              |    14 |     2 ||    16
Dodge: Dodged            |    43 |    15 ||    58

Table legend:
 A = Spawn XP
 B = Non-spawn XP
 C = Spawn XP percentage of total XP
 D = Spawn monster count
 E = Non-spawn monster count
 F = Spawn count percentage of total count
 G = Total turns spent on level
                    A         B        C        D         E        F      G
               +---------+---------+-------+---------+---------+-------+---------
         Total |       0 |     151 |   0.0 |       0 |      66 |   0.0 |  2358
               +---------+---------+-------+---------+---------+-------+---------
           D:1 |       0 |      49 |   0.0 |       0 |      27 |   0.0 |  1348
           D:2 |       0 |     100 |   0.0 |       0 |      38 |   0.0 |   992
           D:3 |       0 |       2 |   0.0 |       0 |       1 |   0.0 |    18
               +---------+---------+-------+---------+---------+-------+---------
